 Dungeon Crawl Stone Soup version 0.23.2-1-ga50397a (webtiles) character file.

Game seed: 2470947502026993378

2069 prawnwizard the Thaumaturge (level 9, 0/65 HPs)
             Began as a Gnoll Wizard on May 10, 2019.
             Was a Follower of Sif Muna.
             Slain by Pikel
             ... wielding a +2 whip of freezing
              (3 damage)
             ... on level 6 of the Dungeon.
             The game lasted 00:23:54 (9301 turns).

prawnwizard the Thaumaturge (Gnoll Wizard)          Turns: 9301, Time: 00:23:54

Health: 0/65       AC:  5    Str: 10    XL:     9   Next: 26%
Magic:  5/21       EV: 15    Int: 23    God:    Sif Muna [*.....]
Gold:   312        SH:  0    Dex: 14    Spells: 11/24 levels left

rFire    . . .     SeeInvis .   w - +3 spear
rCold    . . .     Gourm    .   (no shield)
rNeg     + . .     Faith    .   y - +2 robe {rN+}
rPois    .         Spirit   .   b - +0 hat
rElec    .         Reflect  .   e - +0 cloak
rCorr    .         Harm     .   (no gloves)
MR       .....                  (no boots)
Stlth    +++.......             (no amulet)
HPRegen  0.20/turn              (no ring)
MPRegen  0.17/turn              (no ring)

@: no status effects
A: distributed training, fangs 1, strong nose
a: Divine Energy, Renounce Religion


You were on level 6 of the Dungeon.
You worshipped Sif Muna.
Sif Muna was aware of your devotion.
You were hungry.

You visited 2 branches of the dungeon, and saw 7 of its levels.

You collected 312 gold pieces.

Inventory:

Hand Weapons
 u - a +0 flail of protection
 w - a +3 spear (weapon)
Armour
 a - a +0 robe
 b - a +0 hat (worn)
 e - a +0 cloak (worn)
 f - a +0 leather armour
 m - a +0 ring mail
 x - a +0 shield
 y - a +2 robe of positive energy (worn)
Scrolls
 c - 4 scrolls of immolation {unknown}
 h - a scroll of fear {unknown}
 i - 4 scrolls of remove curse {unknown}
 j - a scroll of teleportation {unknown}
 p - 8 scrolls of identify {unknown}
 r - 2 scrolls of magic mapping {unknown}
 s - 3 scrolls of amnesia {unknown}
 t - a scroll of enchant weapon {unknown}
 z - a scroll of fog {unknown}
Potions
 g - 2 potions of mutation {unknown}
 k - 2 potions of berserk rage {unknown}
 l - a potion of cancellation {unknown}
 n - 2 potions of invisibility
 o - 2 potions of flight
 q - a potion of heal wounds {unknown}
 v - a potion of degeneration {unknown}
Comestibles
 d - 9 rations


   Skills:
 + Level 4.0 Fighting
 + Level 4.0 Short Blades
 + Level 4.0 Long Blades
 + Level 4.0 Axes
 + Level 4.0 Maces & Flails
 + Level 4.0 Polearms
 + Level 4.0 Staves
 + Level 4.0 Slings
 + Level 4.0 Bows
 + Level 4.0 Crossbows
 + Level 4.0 Throwing
 + Level 4.0 Armour
 + Level 6.1 Dodging
 + Level 5.8 Stealth
 + Level 4.0 Shields
 + Level 4.0 Unarmed Combat
 + Level 8.3 Spellcasting
 + Level 4.0 Conjurations
 + Level 3.3 Hexes
 + Level 3.3 Charms
 + Level 4.0 Summonings
 + Level 3.3 Necromancy
 + Level 4.0 Translocations
 + Level 3.3 Transmutations
 + Level 3.3 Fire Magic
 + Level 3.3 Ice Magic
 + Level 3.3 Air Magic
 + Level 3.3 Earth Magic
 + Level 3.3 Poison Magic
 + Level 4.4 Invocations
 + Level 4.0 Evocations


You had 11 spell levels left.
You knew the following spells:

 Your Spells              Type           Power        Failure   Level  Hunger
a - Magic Dart            Conj           ####         1%          1    None
b - Blink                 Tloc           N/A          1%          2    None
c - Call Imp              Summ           ####....     1%          2    None
d - Slow                  Hex            ###.....     2%          2    None
e - Conjure Flame         Conj/Fire      ####....     4%          3    None
f - Mephitic Cloud        Conj/Pois/Air  ####....     4%          3    None

Your spell library contained the following spells:

 Spells                   Type           Power        Failure   Level  Hunger
 Ensorcelled Hibernation  Hex/Ice        ###...       2%          2    None
 Borgnjor's Vile Clutch   Necr/Erth      ###.......   43%         5    #####..
 Silence                  Hex/Air        ###.......   43%         5    #####..
 Shadow Creatures         Summ           N/A          89%         6    ######.
 Darkness                 Hex            ###.......   95%         6    ######.


Dungeon Overview and Level Annotations

Branches:
Dungeon (6/15)             Temple (1/1) D:5

Altars:
Ashenzari
Cheibriados
Dithmenos
Fedhas
Gozag
Kikubaaqudgha
Makhleb
Nemelex Xobeh
Okawaru
Qazlal
Sif Muna
Trog
Uskayaw
Vehumet
Xom
Yredelemnul
Zin
The Shining One

Annotations:
D:4 3 runed translucent doors, xzight's ghost, novice GrFi
D:6 Pikel


Innate Abilities, Weirdness & Mutations

Your experience applies equally to all skills.
You have very sharp teeth.
Your uncanny sense of smell can sniff out nearby items.


Message History

* * * LOW HITPOINT WARNING * * *
Casting: Magic Dart (safe; 1% risk of failure)
Confirm with . or Enter, or press ? or * to list all spells.
Aiming: Magic Dart (safe; 1% risk of failure)
Press: ? - help, Shift-Dir - straight line, f/p - Pikel
Aim: Pikel, wielding a +2 whip of freezing and wearing a +0 robe (severely wounded)
The magic dart hits Pikel.
Pikel is severely wounded.
Pikel closely misses you.
Casting: Magic Dart (safe; 1% risk of failure)
Confirm with . or Enter, or press ? or * to list all spells.
Aiming: Magic Dart (safe; 1% risk of failure)
Press: ? - help, Shift-Dir - straight line, f/p - Pikel
Aim: Pikel, wielding a +2 whip of freezing and wearing a +0 robe (severely wounded)
The magic dart hits Pikel.
Pikel is almost dead.
Pikel hits you with a +2 whip of freezing!
* * * LOW HITPOINT WARNING * * *
Pikel freezes you.
You die...

#####
##...###.###...##.#
##### #.# ######.#
#.# #.# #.#
#.######## #(#
#p##...... #.#
#......... #.#
#o##..###. #
#.########.##..###. #
#.@Kop.p.#.##...... #
######p........###. #
##### #.............
###
#...####......#......
..#
#..........#.###.....
#.# #...####...#.#
#####. #.# ##.##
#####.# #. #.# #.#
##'## #. ..#
#.########...## #.


You could see Pikel, 3 slaves and an orc.

Vanquished Creatures
  A sky beast (D:6)
  A phantom (D:5)
  3 ogres
  3 bullfrogs (D:6)
  2 scorpions
  4 wights (D:6)
  2 howler monkeys
  A crimson imp (D:5)
  3 orc priests
  3 hounds
  A jelly (D:5)
  12 orc wizards
  A gnoll shaman (D:4)
  2 iguanas (D:5)
  3 worker ants
  12 gnolls
  A howler monkey skeleton (D:4)
  6 adders
  A shadow imp (D:5)
  An ooze (D:5)
  An adder skeleton (D:4)
  3 worms
  2 dart slugs
  5 leopard geckos
  25 orcs
  2 ball pythons
  3 bats
  2 giant cockroaches
  3 goblins
  2 hobgoblins (D:2)
  22 jackals
  7 kobolds
  4 quokkas
  3 frilled lizards
  2 gnoll zombies (D:6)
  A jackal skeleton (D:5)
  2 leopard gecko zombies (D:6)
  A quokka skeleton (D:4)
  15 rats
168 creatures vanquished.

Vanquished Creatures (collateral kills)
  An ogre (D:3)
  A goblin (D:3)
2 creatures vanquished.

Grand Total: 170 creatures vanquished

Notes
Turn   | Place    | Note
-------+----------+-------------------------------------------
     0 | D:1      | prawnwizard the Gnoll Wizard began the quest for the Orb.
     0 | D:1      | Reached XP level 1. HP: 13/13 MP: 8/8
   718 | D:1      | Reached XP level 2. HP: 19/19 MP: 7/10
  1319 | D:2      | Reached XP level 3. HP: 22/25 MP: 4/11
  1702 | D:2      | Reached skill level 1 in Invocations
  1740 | D:2      | Learned a level 2 spell: Blink
  1743 | D:2      | Learned a level 2 spell: Call Imp
  1746 | D:2      | Learned a level 2 spell: Slow
  1842 | D:2      | Reached skill level 1 in Fighting
  1842 | D:2      | Reached skill level 1 in Short Blades
  1842 | D:2      | Reached skill level 1 in Long Blades
  1842 | D:2      | Reached skill level 1 in Axes
  1842 | D:2      | Reached skill level 1 in Maces & Flails
  1842 | D:2      | Reached skill level 1 in Polearms
  1842 | D:2      | Reached skill level 1 in Staves
  1842 | D:2      | Reached skill level 1 in Slings
  1842 | D:2      | Reached skill level 1 in Bows
  1842 | D:2      | Reached skill level 1 in Crossbows
  1842 | D:2      | Reached skill level 1 in Throwing
  1842 | D:2      | Reached skill level 1 in Armour
  1842 | D:2      | Reached skill level 1 in Shields
  1842 | D:2      | Reached skill level 1 in Unarmed Combat
  1842 | D:2      | Reached skill level 1 in Evocations
  1915 | D:2      | Reached XP level 4. HP: 32/32 MP: 11/13
  2221 | D:3      | Noticed an ogre
  2228 | D:3      | Killed an ogre
  2228 | D:3      | Reached skill level 1 in Hexes
  2228 | D:3      | Reached skill level 1 in Charms
  2228 | D:3      | Reached skill level 1 in Necromancy
  2228 | D:3      | Reached skill level 1 in Transmutations
  2228 | D:3      | Reached skill level 1 in Fire Magic
  2228 | D:3      | Reached skill level 1 in Ice Magic
  2228 | D:3      | Reached skill level 1 in Air Magic
  2228 | D:3      | Reached skill level 1 in Earth Magic
  2228 | D:3      | Reached skill level 1 in Poison Magic
  2228 | D:3      | Reached XP level 5. HP: 37/37 MP: 7/14
  3259 | D:3      | Learned a level 3 spell: Conjure Flame
  3597 | D:4      | Noticed an ogre
  3736 | D:4      | Reached XP level 6. HP: 42/44 MP: 8/16
  3917 | D:4      | Reached skill level 5 in Dodging
  3952 | D:4      | HP: 2/44 [poisoned by a scorpion]
  3957 | D:4      | HP: 2/66 [poisoned by a scorpion]
  3964 | D:4      | HP: 1/66 [poisoned by a scorpion]
  3972 | D:4      | HP: 1/66 [poisoned by a scorpion]
  4397 | D:4      | Reached XP level 7. HP: 32/50 MP: 5/18
  4572 | D:4      | Found a runed translucent gate.
  4621 | D:4      | HP: 2/51 [ogre/+0 giant spiked club (15)]
  5179 | D:4      | Reached skill level 5 in Stealth
  5790 | D:4      | Found a glowing golden altar of the Shining One.
  5829 | D:4      | Noticed xzight's ghost (novice GrFi)
  5830 | D:4      | Found a runed translucent gate.
  5830 | D:4      | Found a runed translucent gate.
  5943 | D:4      | Learned a level 3 spell: Mephitic Cloud
  5977 | D:5      | Entered Level 5 of the Dungeon
  6187 | D:5      | Reached XP level 8. HP: 57/57 MP: 13/19
  6666 | D:5      | Found a staircase to the Ecumenical Temple.
  6716 | D:5      | Found a shadowy altar of Dithmenos.
  6850 | Temple   | Entered the Ecumenical Temple
  6999 | Temple   | Became a worshipper of Sif Muna the Loreminder
  7312 | D:5      | Found a blossoming altar of Fedhas.
  7605 | D:6      | Reached skill level 8 in Spellcasting
  8052 | D:6      | Found a bloodstained altar of Trog.
  8418 | D:6      | Found a basalt altar of Yredelemnul.
  8537 | D:6      | Reached XP level 9. HP: 43/65 MP: 21/21
  8865 | D:6      | Reached * piety under Sif Muna
  9250 | D:6      | Noticed Pikel
  9301 | D:6      | HP: 3/65 [Pikel/+2 whip of freezing (7)]
  9301 | D:6      | Slain by Pikel

Skill      XL: |  1  2  3  4  5  6  7  8  9 |
---------------+----------------------------+-----
Conjurations   | 2 3 4 |  4.0
Summonings     | 2 3 4 |  4.0
Translocations | 2 3 4 |  4.0
Invocations    | 1 2 3 4 |  4.4
Fighting       | 1 2 3 4 |  4.0
Short Blades   | 1 2 3 4 |  4.0
Long Blades    | 1 2 3 4 |  4.0
Axes           | 1 2 3 4 |  4.0
Maces & Flails | 1 2 3 4 |  4.0
Polearms       | 1 2 3 4 |  4.0
Staves         | 1 2 3 4 |  4.0
Slings         | 1 2 3 4 |  4.0
Bows           | 1 2 3 4 |  4.0
Crossbows      | 1 2 3 4 |  4.0
Throwing       | 1 2 3 4 |  4.0
Armour         | 1 2 3 4 |  4.0
Shields        | 1 2 3 4 |  4.0
Unarmed Combat | 1 2 3 4 |  4.0
Evocations     | 1 2 3 4 |  4.0
Hexes          | 1 2 3 |  3.3
Charms         | 1 2 3 |  3.3
Necromancy     | 1 2 3 |  3.3
Transmutations | 1 2 3 |  3.3
Fire Magic     | 1 2 3 |  3.3
Ice Magic      | 1 2 3 |  3.3
Air Magic      | 1 2 3 |  3.3
Earth Magic    | 1 2 3 |  3.3
Poison Magic   | 1 2 3 |  3.3
Dodging        | 5 6 |  6.1
Stealth        | 5 |  5.8
Spellcasting   | 8 |  8.3

Action                   |  1- 3 |  4- 6 |  7- 9 || total
-------------------------+-------+-------+-------++-------
Melee: Whip              |    13 |    28 |       ||    41
       Flail             |       |    71 |    63 ||   134
       Bite              |       |     6 |     8 ||    14
       Spear             |       |       |    80 ||    80
       Punch             |       |       |     2 ||     2
 Cast: Magic Dart        |    55 |   141 |   346 ||   542
       Call Imp          |       |     3 |       ||     3
       Conjure Flame     |       |     2 |     4 ||     6
  Use: Potion            |       |     4 |       ||     4
 Stab: Sleeping          |     1 |       |       ||     1
  Eat: Chunk             |     3 |     7 |    15 ||    25
Armor: Leather armour    |     2 |       |       ||     2
       Ring mail         |     1 |    66 |    47 ||   114
       Robe              |       |       |    17 ||    17
Dodge: Dodged            |    17 |   140 |   195 ||   352
